Map: Dusk Towers

Players

NordWind - Winner!

  • Race: Zerg Zerg

Breakwood

  • Race: Protoss Protoss

VOD

Have the link to the VOD?

Description

Time

  • Played on: Nov. 19, 2015, 12:49 p.m.
  • Length: 15:08
Show
View Real Time Build Order
Export as new Build Order

NordWind Zerg - Winner!

Build Orders: Hatch First 

Get SALT Encoding   

  12  0:01  Drone  
  13  0:12  Overlord  
  13  0:17  Drone  
  14  0:41  Hatchery  
  14  0:50  Drone x2  
  15  1:06  Spawning Pool  
  14  1:14  Extractor  
  14  1:15  Drone  
  14  1:16  Drone  
  15  1:20  Drone  
  16  1:39  Drone x2  
  18  1:54  Zergling x4  
  18  1:57  Queen  
  18  2:00  Queen  
  24  2:08  Drone x2  
  26  2:15  Metabolic Boost  
  26  2:26  Drone x2  
  26  2:29  Overlord  
  28  2:48  Queen  
  30  2:54  Lair  
  30  3:14  Drone x5  
  30  3:15  Drone  
  36  3:35  Hatchery  
  36  3:40  Roach Warren  
  34  3:44  Extractor  
  34  3:47  Zergling x2  
  34  3:48  Zergling x4  
  36  3:50  Overlord x2  
  36  4:19  Drone x5  
  36  4:20  Drone  
  36  4:23  Drone  
  43  4:29  Overlord x3  
  43  4:35  Extractor  
  43  4:36  Drone x3  
  43  4:37  Drone, Extractor  
  45  4:49  Queen  
  45  4:50  Drone x3  
  50  5:01  Hydralisk Den  
  49  5:08  Drone x2  
  49  5:10  Evolution Chamber  
  49  5:11  Drone x3  
  49  5:13  Drone x3  
  56  5:17  Zergling x2  
  56  5:18  Zergling x2  
  58  5:42  Drone x3  
  61  5:43  Drone x3  
  61  5:47  Drone  
  65  5:50  Drone x5  
  65  5:52  Overlord  
  65  5:54  Overlord  
  70  6:03  Pneumatized Carapace  
  70  6:07  Hydralisk x6  
  82  6:14  Zerg Missile Weapons Level 1  
  82  6:22  Drone x3  
  85  6:35  Hydralisk  
  85  6:36  Hydralisk x3  
  93  6:47  Spire  
  93  6:48  Drone  
  93  6:57  Muscular Augments  
  93  6:58  Hydralisk x2  
  97  7:01  Overlord  
  97  7:02  Overlord x4  
  97  7:28  Hydralisk x5  
  97  7:29  Hydralisk x6  
  119  7:39  Drone x3  
  119  7:41  Drone x3  
  125  7:46  Extractor  
  125  7:50  Extractor  
  123  8:03  Infestation Pit  
  122  8:06  Mutalisk x3  
  128  8:17  Zerg Ground Armor Level 1  
  128  8:38  Drone  
  129  8:42  Overlord x2  
  129  8:43  Overlord x3  
  129  9:02  Hive  
  129  9:13  Mutalisk  
  129  9:14  Mutalisk x6  
  143  9:19  Extractor  
  143  9:20  Hatchery  
  141  9:45  Hydralisk  
  141  9:46  Hydralisk x8  
  154  10:01  Zergling x2  
  119  11:04  Overseer  
  119  11:07  Zergling x2  
  119  11:08  Zergling x40  
  134  11:43  Mutalisk x2  
  134  11:44  Mutalisk x10  
  158  11:57  Overlord x3  
  158  12:20  Overseer  
  158  12:23  Overseer x2  
  158  12:58  Hydralisk  
  158  12:59  Hydralisk x2  
  158  13:00  Mutalisk x11  
  158  13:01  Mutalisk  
  160  14:14  Zergling x18  
  160  14:15  Zergling x32  
Show
View Real Time Build Order
Export as new Build Order

Breakwood Protoss 

Build Orders:  

Get SALT Encoding   

  12  0:04  Probe (Chrono Boost)  
  13  0:15  Probe (Chrono Boost)  
  14  0:26  Probe (Chrono Boost)  
  15  0:30  Pylon  
  15  0:45  Pylon  
  15  0:48  Probe (Chrono Boost)  
  16  0:59  Probe (Chrono Boost)  
  16  1:01  Gateway  
  17  1:09  Probe (Chrono Boost)  
  18  1:22  Assimilator  
  18  1:27  Assimilator  
  18  1:29  Probe (Chrono Boost)  
  19  1:39  Probe (Chrono Boost)  
  20  1:43  Pylon  
  20  1:50  Probe (Chrono Boost)  
  21  1:59  Zealot  
  21  2:00  Probe (Chrono Boost)  
  24  2:11  Probe (Chrono Boost)  
  25  2:17  Gateway  
  25  2:21  Probe (Chrono Boost)  
  26  2:26  Zealot  
  26  2:28  Cybernetics Core  
  28  2:32  Probe (Chrono Boost)  
  29  2:43  Probe (Chrono Boost)  
  30  2:53  Probe (Chrono Boost), Zealot  
  33  3:00  Gateway  
  33  3:06  Warp Gate (Chrono Boost)  
  33  3:16  Pylon  
  33  3:35  Forge  
  33  3:40  Stalker  
  35  3:56  Stalker  
  35  4:02  Probe  
  38  4:10  Stalker  
  38  4:14  Probe  
  41  4:26  Stalker  
  41  4:28  Pylon  
  43  4:40  Stalker  
  43  4:42  Pylon  
  45  4:56  Stalker  
  45  4:57  Pylon  
  47  5:10  Stalker, Protoss Shields Level 1  
  49  5:25  Twilight Council  
  49  5:32  Stalker  
  51  5:40  Stalker  
  51  5:41  Stalker  
  55  5:55  Photon Cannon  
  55  6:02  Photon Cannon  
  55  6:06  Photon Cannon  
  55  6:11  Photon Cannon  
  55  6:17  Photon Cannon  
  55  6:18  Stalker  
  57  6:19  Stalker  
  59  6:25  Photon Cannon  
  59  6:27  Charge  
  59  6:51  Zealot  
  59  6:52  Zealot  
  63  7:04  Protoss Ground Weapons Level 1  
  63  7:11  Photon Cannon  
  63  7:14  Photon Cannon  
  63  7:22  Photon Cannon  
  63  7:30  Photon Cannon  
  63  7:33  Stalker  
  65  7:54  Pylon  
  65  8:07  Blink  
  65  8:13  Dark Shrine  
  65  8:27  Adept  
  65  8:32  Stalker  
  69  9:00  Nexus  
  69  9:12  Pylon  
  69  9:21  Pylon  
  69  9:26  Dark Templar  
  71  9:48  Photon Cannon  
  71  9:56  Stalker  
  67  10:06  Dark Templar  
  69  10:08  Resonating Glaives  
  58  11:09  Stalker  
  58  11:11  Stalker  
  58  11:32  Pylon  
  58  11:45  Pylon  
  58  11:50  Stalker  
  58  11:52  Stalker  
  62  12:02  Photon Cannon  
  62  12:30  Gateway  
  62  12:33  Photon Cannon  
  62  12:41  Photon Cannon  
  62  12:54  Stargate  
  62  13:23  Dark Templar, Robotics Facility  
  62  13:25  Dark Templar  
  34  14:04  Zealot  
  34  14:05  Zealot  
  31  14:32  Gateway  
  31  14:33  Zealot  
Tags
 
Add a new tag
Caveats
  • Supply blocks, unpowered buildings, or Contaminate may cause inaccurate times.
  • Supply counts are checked every 10 seconds.